 Dungeon Crawl Stone Soup version 0.30.1-11-g7821555f0a (webtiles) character file.

Game seed: 2087839290890881159

323 SacredBeard the Grave Robber (level 6, -1/44 HPs)
             Began as a Demonspawn Necromancer on Nov 14, 2023.
             Slain by a water moccasin (7 damage)
             ... on level 4 of the Dungeon.
             The game lasted 00:07:59 (3463 turns).

SacredBeard the Grave Robber (DsNe)                 Turns: 3463, Time: 00:07:59

Health: -1/44      AC:  9    Str:  8    XL:     6   Next: 23%
Magic:  2/11       EV:  8    Int: 19    God:
Gold:   117        SH:  4    Dex: 13    Spells: 11/12 levels left

rFire   . . .        l - +0 spear
rCold   . . .        (no shield)
rNeg    . . .        i - +3 scale mail
rPois   .            (no helmet)
rElec   .            (no cloak)
rCorr   .            (no gloves)
SInv    .            (boots unavailable)
Will    .....        (no amulet)
Stlth   +            h - ring of wizardry
HPRegen 0.27/turn    m - +4 ring of slaying
MPRegen 0.12/turn

%: wizardry (x1)
@: lethally poisoned (-1 -> -7), very slightly contaminated
A: hooves 3, condensation shield
a: no special abilities


You were on level 4 of the Dungeon.
You visited 1 branch of the dungeon, and saw 4 of its levels.

You collected 117 gold pieces.

Inventory:

Hand Weapons
 l - a +0 spear (weapon)
Missiles
 j - 38 stones
Armour
 i - a +3 scale mail (worn)
 q - a +2 chain mail of fire resistance
Jewellery
 h - a ring of wizardry (left hand)
 m - a +4 ring of slaying (right hand)
Wands
 r - a wand of flame (13)
Scrolls
 a - a scroll of summoning {unknown}
 c - 6 scrolls of identify {unknown}
 d - 5 scrolls of fear {unknown}
 f - 3 scrolls of noise {unknown}
 o - a scroll of silence {unknown}
 p - a scroll of amnesia {unknown}
 s - a scroll of immolation {unknown}
 u - a scroll of fog {unknown}
Potions
 b - a potion of lignification {unknown}
 e - a potion of degeneration {unknown}
 g - 2 potions of heal wounds {unknown}
 k - a potion of curing {unknown}
 n - a potion of might {unknown}
 t - 2 potions of brilliance {unknown}


   Skills:
 + Level 1.9 Fighting
 + Level 0.7 Throwing
 + Level 1.7 Armour
 - Level 2.0 Dodging
 + Level 2.7 Stealth
 * Level 3.5 Spellcasting
 * Level 5.6 Necromancy
 + Level 0.9 Evocations


You had 11 spell levels left.
You knew the following spells:

 Your Spells              Type           Power      Damage    Failure   Level
a - Necrotise             Necr           96%        1d8       6%          1

Your spell library contained the following spells:

 Spells                   Type           Power      Damage    Failure   Level
 Vampiric Draining        Necr           24%        2d7       16%         3
 Animate Dead             Necr           24%        N/A       45%         4
 Agony                    Necr           24%        N/A       80%         5


Dungeon Overview and Level Annotations

Branches:
Dungeon (4/15) Zot: 20529
 Temple: D:4-7

Altars:
Xom

Annotations:
D:4 1 runed translucent door, Gumption's ghost, amateur SpEn


Innate Abilities, Weirdness & Mutations

You have hooves in place of feet.
A meltable shield of frost defends you. (SH +4)


Message History

The water moccasin bites you.
The water moccasin bites you but does no damage.
Casting: Necrotise (safe; 6% risk of failure)
Confirm with . or Enter, or press ? or * to list all spells.
Aiming: Necrotise (safe; 6% risk of failure)
Press: ? - help, Shift-Dir - straight line, f/p - water moccasin
Aim: a water moccasin (severely wounded, chance to affect: 83%)
Okay, then.
Casting: Necrotise (safe; 6% risk of failure)
Confirm with . or Enter, or press ? or * to list all spells.
Aiming: Necrotise (safe; 6% risk of failure)
Press: ? - help, Shift-Dir - straight line, f/p - water moccasin
Aim: a water moccasin (severely wounded, chance to affect: 83%)
The water moccasin writhes in agony.
* * * LOW HITPOINT WARNING * * *
You feel very sick. The water moccasin bites you.
* * * LOW HITPOINT WARNING * * *
Casting: Necrotise (safe; 6% risk of failure)
Confirm with . or Enter, or press ? or * to list all spells.
Aiming: Necrotise (safe; 6% risk of failure)
Press: ? - help, Shift-Dir - straight line, f/p - water moccasin
Aim: a water moccasin (severely wounded, chance to affect: 83%)
The water moccasin barely resists.
* * * LOW HITPOINT WARNING * * *
You feel very sick.
The water moccasin bites you but does no damage.
Casting: Necrotise (safe; 6% risk of failure)
Confirm with . or Enter, or press ? or * to list all spells.
Aiming: Necrotise (safe; 6% risk of failure)
Press: ? - help, Shift-Dir - straight line, f/p - water moccasin
Aim: a water moccasin (severely wounded, chance to affect: 83%)
You miscast Necrotise.
You are very lightly contaminated with residual magic.
Nothing appears to happen.
* * * LOW HITPOINT WARNING * * *
You feel very sick.
The water moccasin bites you but does no damage.
The water moccasin bites you!
You die...

#######.### #.#
#.##########
#.##.......#
#.##.#####.#
#.##....##.###.#
#######....##......<.#
.....#####.#####.#####
#.##.# #.# #@# #.##.#
#.....S.# #....#
######### ###..#
###..# .<######
..#.W... ..+~~~~$
..#.....


You could see a water moccasin.

Vanquished Creatures
  3 hounds (D:4)
  2 iguanas (D:4)
  3 gnolls (D:3)
  7 adders
  An ufetubus (D:4)
  3 worms
  7 orcs (D:3)
  3 bats
  3 endoplasms
  A giant cockroach (D:2)
  3 goblins
  5 hobgoblins
  4 jackals (D:3)
  3 quokkas (D:3)
  5 ball pythons
  4 frilled lizards
  6 kobolds
  6 rats
69 creatures vanquished.

Vanquished Creatures (collateral kills)
  An orc (D:3)
  A goblin (D:3)
  2 butterflies (D:3)
4 creatures vanquished.

Grand Total: 73 creatures vanquished

Notes
Turn   | Place    | Note
-------+----------+-------------------------------------------
     0 | D:1      | SacredBeard the Demonspawn Necromancer began the quest for
                  | the Orb.
     0 | D:1      | Reached XP level 1. HP: 13/13 MP: 3/3
   714 | D:2      | Gained mutation: You have large cloven feet. [demonic
                  | ancestry]
   714 | D:2      | Reached XP level 2. HP: 20/20 MP: 0/5
   915 | D:2      | Reached XP level 3. HP: 16/25 MP: 0/6
   986 | D:2      | Reached skill level 1 in Fighting
  1518 | D:2      | Reached skill level 1 in Armour
  1518 | D:2      | Gained mutation: A meltable shield of frost defends you.
                  | (SH +4) [demonic ancestry]
  1518 | D:2      | Reached XP level 4. HP: 27/32 MP: 2/8
  1734 | D:2      | Reached skill level 5 in Necromancy
  1948 | D:3      | Found a shimmering altar of Xom.
  2309 | D:3      | Gained mutation: You have hoof-like feet. [demonic
                  | ancestry]
  2309 | D:3      | Reached XP level 5. HP: 37/37 MP: 5/9
  2448 | D:3      | Found a faded altar of an unknown god.
  2628 | D:4      | Found a runed translucent door.
  3012 | D:4      | Noticed Gumption's ghost (amateur SpEn)
  3167 | D:4      | Gained mutation: You have hooves in place of feet. [demonic
                  | ancestry]
  3167 | D:4      | Reached XP level 6. HP: 44/44 MP: 5/11
  3453 | D:4      | Noticed a water moccasin
  3463 | D:4      | Slain by a water moccasin

Illustrated notes

Levels and vault maps discovered:
D:1:      spicycebolla_green_bress_n_ham, layout_basic
D:2:      layout_basic, serial_rivers, chequers_serial_rivers_micro_e,
          chequers_serial_rivers_room_a, chequers_serial_rivers_small_a,
          chequers_serial_rivers_small_a, chequers_serial_rivers_micro_b,
          dreamdust_princess_corridor, nicolae_half_adder
D:3:      layout_rooms, xom_butterflies, shapermc_ecumenical_altar_mp_vishouse,
          wad_rectangle_vault
D:4:      layout_loops_cross, nicolae_overflow_hidden_temple,
          ebering_ghost_reflecting_pool

Skill      XL: |  1  2  3  4 |
---------------+-------------+-----
Stealth        | 2 |  2.7
Dodging        | 2 |  2.0
Fighting       | 1 |  1.9
Armour         | 1 |  1.7
Necromancy     | 5 |  5.6
Spellcasting   | 3 |  3.5
Throwing       | |  0.7
Evocations     | |  0.9

Action                     |  1- 3 |  4- 6 || total
---------------------------+-------+-------++-------
  Melee: Unarmed           |     3 |       ||     3
         Spear             |     5 |    26 ||    31
         Kick              |     1 |     9 ||    10
   Cast: Necrotise         |    44 |   113 ||   157
    Use: Potion            |     1 |       ||     1
 Armour: Scale mail        |     7 |    52 ||    59
  Dodge: Dodged            |     6 |    37 ||    43
  Block: Other             |       |    18 ||    18
